 Dungeon Crawl Stone Soup version 0.27-a0-54-g64bdb92e38 (webtiles) character file.

Game seed: 17511617373849037442

147 robertstho the Bolt Thrower (level 5, -4/32 HPs)
             Began as a Kobold Hunter on Jan 7, 2021.
             Slain by an orc
             ... wielding a +0 flail
              (6 damage)
             ... on level 3 of the Dungeon.
             The game lasted 00:03:11 (2912 turns).

robertstho the Bolt Thrower (Kobold Hunter)         Turns: 2912, Time: 00:03:12

Health: -4/32      AC:  6    Str:  8 (9)  XL:     5   Next: 54%
Magic:  5/5        EV: 13    Int: 12 (13) God:
Gold:   94         SH:  0    Dex: 14 (16) Spells: 4/4 levels left

rFire    . . .     SeeInvis .   b - +0 short sword
rCold    . . .     Faith    .   (shield restricted)
rNeg     + . .     Spirit   .   l - +1 ring mail {rN+}
rPois    .         Reflect  .   (no helmet)
rElec    .         Harm     .   (no cloak)
rCorr    .         Rampage  .   (no gloves)
Will     .....                  (no boots)
Stlth    ++........             (no amulet)
HPRegen  0.10/turn              k - ring of wizardry
MPRegen  0.09/turn              (no ring)

@: no status effects
A: small, nightstalker 3
a: no special abilities


You were on level 3 of the Dungeon.
You visited 1 branch of the dungeon, and saw 3 of its levels.

You collected 94 gold pieces.

Inventory:

Hand Weapons
 a - a +1 hand crossbow
 b - a +0 short sword (weapon)
Armour
 l - a +1 ring mail of positive energy (worn)
Jewellery
 k - a ring of wizardry (left hand)
Scrolls
 e - 2 scrolls of blinking {unknown}
 g - 2 scrolls of identify {unknown}
 j - a scroll of teleportation {unknown}
 m - a scroll of amnesia {unknown}
 n - a scroll of immolation {unknown}
 o - a scroll of enchant weapon {unknown}
Potions
 c - a potion of berserk rage {unknown}
 f - a potion of heal wounds
 h - 2 potions of resistance
 i - 3 potions of brilliance
 p - 2 potions of flight
 q - a potion of lignification {unknown}
 r - a potion of haste


   Skills:
 * Level 3.0 Fighting
 + Level 0.2 Short Blades
 * Level 6.9 Crossbows
 + Level 0.3 Armour
 + Level 2.4 Dodging
 * Level 2.6 Stealth


You had 4 spell levels left.
You didn't know any spells.
Your spell library was empty.

Dungeon Overview and Level Annotations

Branches:
Dungeon (3/15)

Altars:

Annotations:
D:2 1 runed translucent door, Crazy Yiuf


Innate Abilities, Weirdness & Mutations

You are small and have problems with some larger weapons.
You are completely attuned to the shadows.


Message History

The orc hits you with a +0 flail.
* * * LOW HITPOINT WARNING * * *
You barely miss the orc.
The orc is almost dead.
The orc closely misses you.
You hit the orc but do no damage.
The orc is almost dead.
The orc completely misses you.
You hit the orc but do no damage.
The orc is almost dead.
The orc hits you with a +0 flail.
* * * LOW HITPOINT WARNING * * *
You hit the orc but do no damage.
The orc is almost dead.
The orc hits you with a +0 flail.
* * * LOW HITPOINT WARNING * * *
You hit the orc but do no damage.
The orc is severely wounded.
The orc hits you with a +0 flail.
You die...

#.# #...#†..#≈≈. #.#
##.######≈.. #.# #. +..♣
.#####.# # #≈.[ .....#.#
#≈≈. .......# #≈≈≈
####.### #### ##.########
# #(...<.@o.# ####
###..######.... ....
.....# #### #.##
####.########### #.##
...............# #.##
.....#########.########.##
###### #............
##########.## #.##


You could see an orc.

Vanquished Creatures
  Terence (D:2)
  Robin (D:2)
  3 adders
  An ooze (D:2)
  A worm (D:2)
  3 dart slugs
  A leopard gecko (D:3)
  4 orcs (D:3)
  A giant cockroach (D:3)
  11 goblins
  5 hobgoblins
  6 jackals
  4 kobolds
  3 quokkas
  2 ball pythons (D:2)
  5 bats
  3 frilled lizards
  6 rats
61 creatures vanquished.

Notes
Turn   | Place    | Note
-------+----------+-------------------------------------------
     0 | D:1      | robertstho the Kobold Hunter began the quest for the Orb.
     0 | D:1      | Reached XP level 1. HP: 12/12 MP: 1/1
   218 | D:1      | Reached skill level 5 in Crossbows
   237 | D:1      | Reached XP level 2. HP: 18/18 MP: 2/2
   974 | D:2      | Reached XP level 3. HP: 22/22 MP: 3/3
  1178 | D:2      | Noticed Terence
  1186 | D:2      | Killed Terence
  1187 | D:2      | Reached skill level 6 in Crossbows
  1187 | D:2      | Reached XP level 4. HP: 12/27 MP: 4/4
  1979 | D:2      | Noticed Robin
  1980 | D:2      | Reached XP level 5. HP: 32/32 MP: 5/5
  1985 | D:2      | Killed Robin
  2113 | D:2      | Found a runed translucent door.
  2116 | D:2      | Noticed Crazy Yiuf
  2912 | D:3      | Slain by an orc

Illustrated notes

Levels and vault maps discovered:
D:1:      erik_arrival_triangle_medium, layout_basic
D:2:      minmay_inner_zag, layout_loops_ring, kennysheep_generic_room_14,
          uniq_robin, uniq_terence, uniq_crazy_yiuf_cottage
D:3:      corexii_shack_village, layout_loops_ring, kennysheep_generic_room_8

Skill      XL: |  1  2  3  4  5 |
---------------+----------------+-----
Crossbows      | 5 6 |  6.9
Stealth        | 2 |  2.6
Fighting       | 3 |  3.0
Short Blades   | |  0.2
Armour         | |  0.3
Dodging        | |  2.4

Action                   |  1- 3 |  4- 6 || total
-------------------------+-------+-------++-------
Melee: Short sword       |       |    72 ||    72
 Fire: Hand crossbow     |    41 |    81 ||   122
  Use: Potion            |       |     6 ||     6
 Stab: Sleeping          |       |     3 ||     3
Armor: Ring mail         |     5 |    30 ||    35
Dodge: Dodged            |    12 |    63 ||    75

Table legend: (Time is in decaauts)
 A = Elapsed time spent in this place.
 B = Non-inter-level travel time spent in this place.
 C = Inter-level travel time spent in this place.
 D = Time resting spent in this place.
 E = Time spent auto-exploring this place.
 F = Levels seen in this place.
 G = Mean time per level.
                   A        B        C        D        E       F      G
               +--------+--------+--------+--------+--------+-----+--------+
         Total |   2923 |   2822 |    101 |    189 |   2174 |   3 |  974.3 |
       Dungeon |   2923 |   2822 |    101 |    189 |   2174 |   3 |  974.3 |
               +--------+--------+--------+--------+--------+-----+--------+

Top non-repeatable levels by time:
     D:2: 1570 daAuts
     D:1: 923 daAuts
     D:3: 429 daAuts
